Map: Pylon LE

Players

HeroMarine

  • Race: Terran Terran
  • Spawn Location: 11:00

STZsOs (sOs) - Winner!

  • Race: Protoss Protoss
  • Spawn Location: 5:00

Event: HomeStory Cup XXVII

VOD

Have the link to the VOD?

Description

Time

  • Played on: June 28, 2025, 12:43 p.m.
  • Length: 9:31

All games in this series

Show
View Real Time Build Order
Export as new Build Order

HeroMarine Terran 

Build Orders: Cyclone Opening 

Get SALT Encoding   

  12  0:00  SCV  
  13  0:12  SCV  
  14  0:17  Supply Depot  
  14  0:24  SCV  
  15  0:39  SCV  
  15  0:40  Barracks  
  16  0:43  Refinery  
  16  0:51  SCV  
  17  1:03  SCV  
  18  1:15  SCV  
  19  1:27  Orbital Command  
  20  1:34  Command Center  
  20  1:38  Marine  
  20  1:50  Factory  
  20  1:53  SCV  
  21  1:59  Refinery  
  21  2:05  SCV  
  22  2:09  Supply Depot  
  22  2:12  Barracks Tech Lab  
  22  2:17  SCV  
  23  2:31  SCV  
  23  2:33  Armory  
  24  2:39  Cyclone  
  24  2:43  SCV  
  28  2:45  Barracks Reactor  
  28  2:52  Orbital Command  
  28  2:55  SCV  
  29  3:06  Starport  
  29  3:07  SCV  
  29  3:08  Orbital Command  
  29  3:12  Widow Mine  
  32  3:19  SCV  
  33  3:23  Marine x2  
  33  3:25  Drilling Claws  
  35  3:28  Supply Depot  
  35  3:31  SCV  
  35  3:34  SCV  
  37  3:35  Widow Mine  
  39  3:43  SCV  
  39  3:44  Medivac  
  39  3:45  Marine  
  39  3:46  Marine, SCV  
  45  3:50  Supply Depot  
  45  3:56  SCV, Widow Mine  
  45  3:58  SCV  
  45  3:59  Refinery  
  49  4:03  Marine x2  
  49  4:08  SCV  
  52  4:10  SCV  
  52  4:16  Starport Tech Lab  
  53  4:19  Supply Depot  
  53  4:20  SCV  
  53  4:22  Siege Tank, SCV  
  58  4:27  Barracks  
  58  4:31  Marine  
  58  4:32  SCV  
  58  4:33  Marine  
  58  4:34  SCV  
  62  4:41  Raven  
  62  4:44  Supply Depot, SCV  
  65  4:46  SCV  
  65  4:48  Supply Depot  
  66  4:54  Marine x2  
  66  4:56  Siege Tank, SCV  
  66  4:58  SCV  
  65  5:08  SCV  
  65  5:10  SCV  
  65  5:11  Engineering Bay  
  65  5:12  Marine x2  
  69  5:15  Barracks  
  69  5:16  Supply Depot  
  69  5:20  SCV  
  70  5:22  SCV  
  70  5:23  Marauder, Stimpack  
  70  5:28  Refinery, Siege Tank  
  73  5:32  Marine x2  
  73  5:34  SCV  
  73  5:35  SCV  
  80  5:37  Terran Infantry Weapons Level 1  
  80  5:39  Supply Depot  
  80  5:43  Starport Reactor  
  80  5:46  SCV  
  80  5:47  SCV  
  80  5:49  Marauder  
  84  5:55  Command Center  
  84  5:59  Marine x2  
  86  6:05  SCV x2  
  88  6:11  Factory Reactor, Combat Shield  
  88  6:14  Barracks  
  88  6:17  Supply Depot, SCV x2  
  90  6:20  Marauder x2, Supply Depot  
  90  6:23  Marine  
  90  6:25  Marine  
  96  6:27  Medivac  
  96  6:28  Medivac  
  100  6:33  SCV  
  100  6:34  SCV  
  100  6:37  Supply Depot  
  102  6:41  Marauder, Marine  
  102  6:42  Marauder  
  102  6:45  Marine  
  108  6:53  Widow Mine x2  
  114  6:58  Medivac x2  
  114  6:59  Marine  
  114  7:00  Missile Turret  
  119  7:02  Barracks Reactor  
  119  7:03  Barracks, Concussive Shells  
  119  7:06  SCV x2  
  119  7:13  Marauder x2  
  123  7:18  SCV x2  
  123  7:19  Supply Depot  
  123  7:21  Widow Mine x2  
  129  7:30  SCV x2  
  129  7:31  Terran Infantry Armor Level 1  
  129  7:36  Marauder x2  
  128  7:41  Medivac  
  128  7:42  SCV  
  128  7:43  Marine x3  
  129  7:45  Orbital Command  
  129  7:46  Marine  
  129  7:50  Widow Mine  
  129  7:51  Barracks Tech Lab  
  129  7:57  Marauder x2  
  124  8:00  Marine  
  101  8:06  Marine x2  
  101  8:07  Widow Mine  
  101  8:09  Viking  
  101  8:11  Marauder, Viking  
  109  8:13  Marine  
  109  8:16  Engineering Bay  
  109  8:18  Marauder x2, Marine  
  115  8:20  Refinery  
  115  8:22  Refinery, SCV  
  115  8:24  Marine, SCV  
  115  8:26  SCV  
  117  8:28  Widow Mine  
  117  8:31  Missile Turret, Marine x2  
  117  8:33  Marauder  
  123  8:36  Marine  
  123  8:39  Viking  
  123  8:40  Marauder x2  
  123  8:41  Viking, Widow Mine  
  132  8:54  Marauder  
  127  8:59  Marine x2  
  127  9:00  Marine  
  127  9:01  Marauder x2  
  131  9:08  SCV x2  
  131  9:09  SCV  
Show
View Real Time Build Order
Export as new Build Order

STZsOs Protoss - Winner!

Build Orders: 1 Gate Expand, Phoenix Opening, Colossus Rush 

Get SALT Encoding   

  12  0:00  Probe  
  13  0:12  Probe  
  14  0:18  Pylon  
  14  0:24  Probe  
  15  0:36  Probe  
  15  0:37  Gateway  
  16  0:48  Probe  
  17  1:01  Probe  
  18  1:10  Nexus  
  18  1:13  Probe  
  19  1:24  Cybernetics Core  
  19  1:27  Assimilator  
  19  1:32  Assimilator  
  19  1:35  Probe  
  20  1:42  Pylon  
  20  1:44  Probe  
  20  1:50  Adept  
  20  1:52  Probe  
  24  2:02  Probe  
  25  2:10  Warp Gate  
  25  2:14  Probe  
  26  2:18  Probe  
  27  2:26  Phoenix, Probe x2, Sentry  
  30  2:32  Shield Battery  
  30  2:36  Probe  
  31  2:38  Probe  
  33  2:46  Stalker  
  33  2:49  Probe  
  33  2:50  Probe  
  37  2:55  Twilight Council  
  37  3:02  Probe x2  
  37  3:05  Gateway  
  39  3:11  Gateway  
  39  3:15  Probe  
  39  3:16  Probe  
  41  3:21  Pylon  
  41  3:28  Forge  
  41  3:29  Probe  
  41  3:30  Probe  
  43  3:35  Charge  
  43  3:38  Probe x2  
  43  3:44  Robotics Facility  
  43  3:45  Assimilator  
  43  3:47  Probe x2  
  45  3:50  Protoss Ground Weapons Level 1  
  47  3:59  Probe x2  
  49  4:05  Phoenix  
  49  4:08  Pylon  
  49  4:12  Photon Cannon  
  49  4:13  Probe  
  49  4:15  Photon Cannon  
  50  4:17  Stalker  
  50  4:19  Stalker  
  54  4:27  Stalker  
  54  4:30  Pylon  
  56  4:31  Observer  
  57  4:41  Nexus  
  57  4:48  Zealot x2  
  61  4:57  Observer, Robotics Bay  
  62  5:00  Pylon  
  62  5:01  Zealot  
  62  5:02  Probe x2  
  66  5:08  Zealot x2  
  66  5:11  Pylon  
  70  5:18  Observer  
  70  5:19  Probe x2  
  73  5:22  Zealot  
  73  5:27  Shield Battery  
  75  5:28  Colossus  
  75  5:32  Probe x2  
  75  5:35  Warp Prism  
  77  5:42  Observer  
  77  5:44  Protoss Ground Weapons Level 2  
  77  5:46  Probe x2  
  77  5:47  Extended Thermal Lance  
  85  5:56  Gateway  
  85  5:57  Gateway  
  85  5:58  Gateway  
  85  6:03  Probe x3  
  87  6:14  Zealot x3  
  87  6:16  Pylon  
  93  6:18  Phoenix  
  93  6:23  Colossus  
  98  6:33  Shield Battery  
  98  6:37  Pylon  
  98  6:45  Probe  
  98  6:46  Probe x2  
  99  6:56  Zealot x6  
  99  6:57  Blink  
  99  6:58  Photon Cannon  
  99  7:00  Pylon  
  111  7:07  Gateway  
  111  7:12  Colossus  
  117  7:25  Probe  
  117  7:27  Zealot x4  
  117  7:28  Probe  
  125  7:35  Probe  
  120  7:40  Zealot x2  
  120  7:42  Nexus  
  120  7:44  Pylon  
  120  7:48  Observer  
  120  7:50  Zealot x3  
  124  7:55  Pylon  
  124  7:56  Warp Prism  
  110  8:00  Zealot x3  
  106  8:09  Sentry  
  110  8:15  Stalker x3  
  116  8:22  Gateway  
  116  8:26  Gateway  
  116  8:29  Stalker x2  
  116  8:30  Zealot  
  116  8:31  Colossus  
  122  8:40  Zealot x3  
  130  8:57  Stalker x3  
  136  9:06  Zealot x4  
  132  9:18  Zealot  
  125  9:24  Zealot x4  
Tags
 
Add a new tag
Caveats
  • Supply blocks, unpowered buildings, or Contaminate may cause inaccurate times.
  • Supply counts are checked every 10 seconds.